 Dungeon Crawl Stone Soup version 0.28.0-53-g5a82cb258f (webtiles) character file.

Game seed: 7184971657775590444

20 ILmort the Gusty (level 2, -6/20 HPs)
             Began as a Draconian Air Elementalist on Aug 1, 2022.
             Was a Believer of Lugonu.
             Mangled by Terence
             ... wielding a +0 flail
              (11 damage)
             ... on level 1 of the Dungeon.
             The game lasted 00:09:47 (1245 turns).

ILmort the Gusty (Draconian Air Elementalist)       Turns: 1245, Time: 00:09:48

Health: -6/20      AC:  4    Str: 10    XL:     2   Next: 58%
Magic:  2/5        EV: 12    Int: 15    God:    Lugonu [**....]
Gold:   51         SH:  0    Dex: 11    Spells: 5/6 levels left

rFire   . . .      SeeInvis .   (no weapon)
rCold   + . .      Faith    .   (no shield)
rNeg    . . .      Spirit   .   (armour unavailable)
rPois   .          Reflect  .   (helmet restricted)
rElec   .          Harm     .   (no cloak)
rCorr   .          Rampage  .   (no gloves)
Will    .....                   (no boots)
Stlth   ++........              (no amulet)
HPRegen 0.06/turn               a - ring of wizardry
MPRegen 0.09/turn               d - ring of protection from cold

@: no status effects
A: AC +4, unfitting armour, cold-blooded
a: Renounce Religion, Depart the Abyss, Bend Space


You were on level 1 of the Dungeon.
You worshipped Lugonu.
Lugonu was pleased with you.
You visited 1 branch of the dungeon, and saw 2 of its levels.

You collected 51 gold pieces.

Inventory:

Missiles
 e - 5 atropa-tipped darts
 i - 6 poisoned darts
Armour
 c - a +0 leather armour
 g - a +0 robe
 h - a +0 robe
Jewellery
 a - a ring of wizardry (left hand)
 d - a ring of protection from cold (right hand)
Scrolls
 b - 5 scrolls of identify
Potions
 f - a potion of curing


   Skills:
 - Level 1.7 Dodging
 - Level 1.7 Stealth
 + Level 2.5 Spellcasting
 - Level 1.0 Conjurations
 + Level 3.5 Air Magic


You had 5 spell levels left.
You knew the following spells:

 Your Spells              Type           Power      Damage    Failure   Level
a - Shock                 Conj/Air       32%        1d5       3%          1

Your spell library contained the following spells:

 Spells                   Type           Power      Damage    Failure   Level
 Static Discharge         Conj/Air       8%         N/A       5%          2
 Swiftness                Air            12%        N/A       6%          3
 Airstrike                Air            6%         N/A       21%         4


Dungeon Overview and Level Annotations

Branches:
Dungeon (2/15)

Altars:
Lugonu

Annotations:
D:1 Terence


Innate Abilities, Weirdness & Mutations

Your plain brown scales are hard. (AC +4)
You cannot fit into any form of body armour.
You are cold-blooded and may be slowed by cold attacks.


Message History

There is a stone staircase leading up here.
Terence hits you with a +0 flail!
* * * LOW HITPOINT WARNING * * *
You climb upwards.
There is a stone staircase leading down here.
Terence closely misses you. Space bends around you!
You blink.
Terence asks, "Do you want it fast or slow?"
You see here a +0 whip.
Terence says, "How do you enjoy it?" Terence barely misses you.
Terence hits you with a +0 flail.
* * * LOW HITPOINT WARNING * * *
Terence screams, "I'm going to kill you!"
Casting: Shock (safe; 3% risk of failure)
Confirm with . or Enter, or press ? or * to list all spells.
Aiming: Shock (safe; 3% risk of failure)
Press: ? - help, Shift-Dir - straight line, f - Terence
Aim: Terence, wielding a +0 flail and wearing a +0 chain mail of poison resistance (77% to hit)
The zap hits Terence.
Terence is moderately wounded.
Terence misses you.
Casting: Shock (safe; 3% risk of failure)
Confirm with . or Enter, or press ? or * to list all spells.
Aiming: Shock (safe; 3% risk of failure)
Press: ? - help, Shift-Dir - straight line, f/p - Terence
Aim: Terence, wielding a +0 flail and wearing a +0 chain mail of poison resistance (moderately wounded, 77% to hit)
The zap hits Terence.
Terence is moderately wounded.
Terence hits you but does no damage.
Casting: Shock (safe; 3% risk of failure)
Confirm with . or Enter, or press ? or * to list all spells.
Aiming: Shock (safe; 3% risk of failure)
Press: ? - help, Shift-Dir - straight line, f/p - Terence
Aim: Terence, wielding a +0 flail and wearing a +0 chain mail of poison resistance (moderately wounded, 77% to hit)
The zap hits Terence.
Terence is moderately wounded.
Terence hits you with a +0 flail!
Ouch! That really hurt!
You die...

.#.# #.# .#.# #.#
.#.# #.# .#.#
#.##### .#@#
#.....# .#.#
#####.# ##.# #.#
...#############@##
........@.>.....@.#
###################
# # # # # # #


You could see Terence.

Vanquished Creatures
  2 endoplasms (D:1)
  A giant cockroach (D:1)
  3 goblins (D:1)
  6 ball pythons
  3 bats (D:1)
  4 frilled lizards (D:1)
  A rat (D:1)
20 creatures vanquished.

Notes
Turn   | Place    | Note
-------+----------+-------------------------------------------
     0 | D:1      | ILmort the Draconian Air Elementalist began the quest for
                  | the Orb.
     0 | D:1      | Reached XP level 1. HP: 14/14 MP: 3/3
   393 | D:1      | Reached XP level 2. HP: 20/20 MP: 0/5
   543 | D:1      | Found a faded altar of an unknown god.
   559 | D:1      | Prayed at the altar of an unknown god.
   559 | D:1      | Became a worshipper of Lugonu the Unformed
   559 | D:1      | Reached * piety under Lugonu
   559 | D:1      | Reached ** piety under Lugonu
  1142 | D:2      | Noticed Terence
  1245 | D:1      | Mangled by Terence

Illustrated notes

Levels and vault maps discovered:
D:1:      dpeg_chamrin_arrival_tetris, layout_basic, basic_ecumenical_altar
D:2:      layout_loops_ring, uniq_terence

Action                   || total
-------------------------++-------
Melee: Unarmed           ||    19
       Tailslap          ||     2
       Punch             ||     1
 Cast: Shock             ||    36
Invok: Bend Space        ||     3
  Use: Scroll            ||     1
Armor: Skin              ||     7
Dodge: Dodged            ||    22
